 Dungeon Crawl Stone Soup version 0.29-a0-322-g68df515428 (webtiles) character file.

Game seed: 11029393048077744348

12 Hubjo the Skirmisher (level 2, -1/24 HPs)
             Began as a Demonspawn Monk on Apr 5, 2022.
             Slain by a rat (2 damage)
             ... on level 1 of the Dungeon.
             The game lasted 00:00:27 (308 turns).

Hubjo the Skirmisher (Demonspawn Monk)               Turns: 308, Time: 00:00:27

Health: -1/24      AC:  4    Str: 11    XL:     2   Next: 20%
Magic:  2/2        EV: 12    Int: 11    God:
Gold:   0          SH:  0    Dex: 15    Spells: 2/2 levels left

rFire   . . .      SeeInvis .   a - +0 short sword
rCold   . . .      Faith    .   (no shield)
rNeg    . . .      Spirit   .   b - +0 robe
rPois   .          Reflect  .   (no helmet)
rElec   .          Harm     .   (no cloak)
rCorr   .          Rampage  .   (no gloves)
Will    .....                   (no boots)
Stlth   ++........              (no amulet)
HPRegen 0.08/turn               (no ring)
MPRegen 0.08/turn               (no ring)

@: no status effects
A: icy blue scales 1
a: no special abilities


You were on level 1 of the Dungeon.
You visited 1 branch of the dungeon, and saw 1 of its levels.

Inventory:

Hand Weapons
 a - a +0 short sword (weapon)
Armour
 b - a +0 robe (worn)
Magical Staves
 d - a staff of earth
Scrolls
 e - a scroll of enchant armour {unknown}
 f - 2 scrolls of identify {unknown}
 i - a scroll of vulnerability {unknown}
Potions
 c - a potion of ambrosia
 g - a potion of cancellation {unknown}
 h - a potion of brilliance {unknown}


   Skills:
 * Level 3.3 Fighting
 - Level 2.6 Short Blades
 - Level 2.6 Dodging
 * Level 2.2 Stealth
 + Level 0.5 Spellcasting


You had 2 spell levels left.
You didn't know any spells.
Your spell library was empty.

Dungeon Overview and Level Annotations

Branches:
Dungeon (1/15)

Altars:


Innate Abilities, Weirdness & Mutations

You are partially covered in icy blue scales. (AC +2)


Message History

A ball python comes into view.
Found 8 gold pieces.
The bat barely misses you.
The giant cockroach barely misses you. x2
You barely miss the hobgoblin. The hobgoblin hits you.
The bat closely misses you.
The giant cockroach completely misses you.
You closely miss the bat. The bat completely misses you.
The hobgoblin closely misses you. The giant cockroach closely misses you.
The ball python hisses angrily.
You hit the hobgoblin.
The hobgoblin is heavily wounded.
The hobgoblin hits you. The rat barely misses you.
The giant cockroach bites you but does no damage.
You barely miss the hobgoblin.
The hobgoblin is heavily wounded.
The hobgoblin hits you but does no damage.
The rat barely misses you. The giant cockroach barely misses you.
You closely miss the hobgoblin.
The hobgoblin is heavily wounded.
The hobgoblin closely misses you. The rat bites you but does no damage.
The endoplasm freezes you.
You are frozen.
The giant cockroach bites you but does no damage.
You barely miss the hobgoblin.
The hobgoblin is heavily wounded.
The giant cockroach bites you. The rat closely misses you.
The endoplasm freezes you.
You are frozen.
The hobgoblin hits you.
The ball python bites you but does no damage.
The ball python grabs you. The ball python constricts you.
You are too injured to fight recklessly!
You hit the ball python.
You kill the ball python!
The giant cockroach bites you. The hobgoblin hits you.
* * * LOW HITPOINT WARNING * * *
The endoplasm freezes you.
You are frozen.
* * * LOW HITPOINT WARNING * * *
The rat bites you.
You die...

##.... $. .. ...... ...
... #....##.##....
#.......#..#.
##..B.........#.#.#
#.....b..#..###.#.#
#.(..rgB........#.#
#....$@J###.# #.#.#
###...#$##.####...#
.......#.......#...#####
###########.##.#........
##.#.#.#######
##......†....
####...†.... #########


You could see an endoplasm, 2 giant cockroaches, a hobgoblin, a bat and a rat.

Vanquished Creatures
  A ball python (D:1)
  3 endoplasms (D:1)
  A giant cockroach (D:1)
  3 hobgoblins (D:1)
  2 frilled lizards (D:1)
  2 rats (D:1)
12 creatures vanquished.

Notes
Turn   | Place    | Note
-------+----------+-------------------------------------------
     0 | D:1      | Hubjo the Demonspawn Monk began the quest for the Orb.
     0 | D:1      | Reached XP level 1. HP: 18/18 MP: 1/1
   147 | D:1      | Gained mutation: You are partially covered in icy blue
                  | scales. (AC +2) [demonic ancestry]
   147 | D:1      | Reached XP level 2. HP: 17/24 MP: 2/2
   308 | D:1      | HP: 1/24 [frozen (5)]
   308 | D:1      | Slain by a rat

Illustrated notes

Levels and vault maps discovered:
D:1:      grunt_arrival_crossed_arrows, layout_loops_ring

Skill      XL: |  1 |
---------------+----+-----
Stealth        | 2 |  2.2
Fighting       | |  3.3
Short Blades   | |  2.6
Dodging        | |  2.6
Spellcasting   | |  0.5

Action                   || total
-------------------------++-------
Melee: Short sword       ||    44
 Stab: Sleeping          ||     2
Armor: Robe              ||    10
Dodge: Dodged            ||    30

Table legend: (Time is in decaauts)
 A = Elapsed time spent in this place.
 B = Non-inter-level travel time spent in this place.
 C = Inter-level travel time spent in this place.
 D = Time resting spent in this place.
 E = Time spent auto-exploring this place.
 F = Levels seen in this place.
 G = Mean time per level.
                   A        B        C        D        E       F      G
               +--------+--------+--------+--------+--------+-----+--------+
         Total |    306 |    306 |      0 |      0 |    215 |   1 |  306.0 |
       Dungeon |    306 |    306 |      0 |      0 |    215 |   1 |  306.0 |
               +--------+--------+--------+--------+--------+-----+--------+

Top non-repeatable levels by time:
     D:1: 306 daAuts
